 Seeded DCSS version 0.29-a0-520-gc852659d43 (webtiles) character file.

Game seed: 696969 (custom seed)

58 hquester1 the Shield-Bearer (level 3, -1/36 HPs)
             Began as a Troll Fighter on May 31, 2022.
             Slain by Sigmund
             ... wielding a +0 scythe
              (4 damage)
             ... on level 2 of the Dungeon.
             The game lasted 00:05:40 (723 turns).

hquester1 the Shield-Bearer (Troll Fighter)          Turns: 723, Time: 00:05:41

Health: -1/36      AC:  4    Str: 24    XL:     3   Next: 75%
Magic:  2/2        EV:  9    Int:  1    God:
Gold:   51         SH:  8    Dex: 15    Spells: 2/2 levels left

rFire   . . .      SeeInvis .   g - +5 double sword (holy)
rCold   + . .      Faith    .   c - +0 kite shield
rNeg    + . .      Spirit   .   b - +0 robe
rPois   .          Reflect  .   (helmet restricted)
rElec   .          Harm     .   (no cloak)
rCorr   .          Rampage  .   (gloves unavailable)
Will    .....                   (boots unavailable)
Stlth   +.........              (no amulet)
HPRegen 0.92/turn               i - ring "Agawugia" {Fly rC+ rN+ Int-3 Dex+4}
MPRegen 0.08/turn               (no ring)

@: flying
A: large, unfitting armour, claws 3, regeneration 1, shaggy fur 1, tough skin 1
a: no special abilities


You were on level 2 of the Dungeon.
You visited 1 branch of the dungeon, and saw 2 of its levels.

You collected 51 gold pieces.

Inventory:

Hand Weapons
 a - a +0 flail
 f - a +2 whip of distortion
 g - a +5 double sword of holy wrath (weapon)
 h - the +5 giant spiked club of Faipemu {vorpal, +Blink rPois Will+ Int-3}
   (You acquired it on level 1 of the Dungeon)

   It inflicts extra damage upon your enemies.
   Int:       It affects your intelligence (-3).
   rPois:     It protects you from poison.
   +Blink:    It lets you blink.
   Will:      It increases your willpower.
Armour
 b - a +0 robe (worn)
 c - a +0 kite shield (worn)
Jewellery
 i - the ring "Agawugia" (left claw) {Fly rC+ rN+ Int-3 Dex+4}
   (You acquired it on level 1 of the Dungeon)

   [ring of flight]

   Int:       It affects your intelligence (-3).
   Dex:       It affects your dexterity (+4).
   rC:        It protects you from cold.
   rN:        It protects you from negative energy.
   Fly:       It grants you flight.
Scrolls
 e - a scroll of immolation {unknown}
 j - a scroll of blinking {unknown}
 k - a scroll of enchant weapon {unknown}
Potions
 d - a potion of might


   Skills:
 * Level 2.9 Fighting
 * Level 1.1 Long Blades
 - Level 2.0 Maces & Flails
 + Level 2.7 Dodging
 + Level 3.0 Shields


You had 2 spell levels left.
You didn't know any spells.
Your spell library was empty.

Dungeon Overview and Level Annotations

Branches:
Dungeon (2/15)

Altars:

Annotations:
D:2 Sigmund


Innate Abilities, Weirdness & Mutations

You are too large for most types of armour.
You have claws for hands.
Your natural rate of healing is unusually fast.
You are covered in fur. (AC +1)
You have tough skin. (AC +1)


Message History

The white imp disappears in a puff of smoke!
The crimson imp disappears in a puff of smoke!
Your Long Blades skill increases to level 1!
Your Shields skill increases to level 3!
Unknown command.
HP restored.
You now have 51 gold pieces (gained 19).
You reach down and open the door.
A goblin comes into view. It is wielding a +0 club.
The goblin shouts!
There is an open door here.
You slash the goblin!
You kill the goblin!
Things that are here:
a +0 club; a goblin corpse
Found a stone staircase leading down.
There is a stone staircase leading down here.
Sigmund the Dreaded comes into view.
He is wielding a +0 scythe.
Sigmund casts a spell at you.
You are confused.
Sigmund hits you with a +0 scythe.
You hit Sigmund.
Sigmund is lightly wounded.
Sigmund hits you with a +0 scythe!
You're too confused to move!
Sigmund hits you with a +0 scythe!
You miss Sigmund.
Sigmund is lightly wounded.
Sigmund hits you with a +0 scythe!
* * * LOW HITPOINT WARNING * * *
You feel less confused.
You hit Sigmund.
Sigmund is moderately wounded.
You block Sigmund's attack.
Sigmund points at you and mumbles some strange words.
The magic dart hits you.
* * * LOW HITPOINT WARNING * * *
You slash Sigmund!
Sigmund is almost dead.
Sigmund hits you with a +0 scythe.
You die...

#############
#...........#
#.......!...#
#...........#
####...........#
#..+...........+
#.##...........#
#.##.....@@....#
#.##...........#
#>................
#.####################
#.# #............#
#.#######............#
#.....).'............#
#########............#
#.############


You could see Sigmund.

Vanquished Creatures
  Natasha (D:2)
  A dart slug (D:1)
  3 bats
  3 endoplasms (D:1)
  2 giant cockroaches (D:1)
  A hobgoblin (D:1)
  4 kobolds (D:1)
  2 quokkas
  4 ball pythons (D:1)
  2 frilled lizards (D:1)
  5 goblins
  A rat (D:1)
29 creatures vanquished.

Notes
Turn   | Place    | Note
-------+----------+-------------------------------------------
     0 | D:1      | hquester1 the Troll Fighter began the quest for the Orb.
     0 | D:1      | Reached XP level 1. HP: 22/22 MP: 0/0
   169 | D:1      | Reached XP level 2. HP: 29/29 MP: 1/1
   208 | D:1      | Identified 3 scrolls of acquirement
   208 | D:1      | Acquired the ring "Agawugia" {Fly rC+ rN+ Int-3 Dex+4}
   209 | D:1      | Acquired a +5 double sword of holy wrath
   210 | D:1      | Acquired the +5 giant spiked club of Faipemu {vorpal,
                  | +Blink rPois Will+ Int-3}
   519 | D:1      | Reached XP level 3. HP: 34/36 MP: 2/2
   653 | D:2      | Noticed Natasha
   665 | D:2      | Killed Natasha
   666 | D:2      | Reached skill level 1 in Long Blades
   666 | D:2      | Reached skill level 3 in Shields
   713 | D:2      | Noticed Sigmund
   723 | D:2      | Slain by Sigmund

Illustrated notes

Levels and vault maps discovered:
D:1:      minmay_arrival_stair_chambers, layout_basic
D:2:      minmay_recursive_quarters, layout_basic, skrybe_limestone_x,
          uniq_sigmund, uniq_natasha

Skill      XL: |  1  2  3 |
---------------+----------+-----
Maces & Flails | 2 |  2.0
Long Blades    | 1 |  1.1
Shields        | 3 |  3.0
Fighting       | |  2.9
Dodging        | |  2.7

Action                   || total
-------------------------++-------
Melee: Flail             ||    26
       Double sword      ||    53
  Use: Scroll            ||     3
 Stab: Sleeping          ||     1
Armor: Robe              ||    38
Dodge: Dodged            ||    42
Block: Kite shield       ||    40

Table legend: (Time is in decaauts)
 A = Elapsed time spent in this place.
 B = Non-inter-level travel time spent in this place.
 C = Inter-level travel time spent in this place.
 D = Time resting spent in this place.
 E = Time spent auto-exploring this place.
 F = Levels seen in this place.
 G = Mean time per level.
                   A        B        C        D        E       F      G
               +--------+--------+--------+--------+--------+-----+--------+
         Total |    764 |    753 |     11 |      0 |    439 |   2 |  382.0 |
       Dungeon |    764 |    753 |     11 |      0 |    439 |   2 |  382.0 |
               +--------+--------+--------+--------+--------+-----+--------+

Top non-repeatable levels by time:
     D:1: 653 daAuts
     D:2: 111 daAuts
